 Dungeon Crawl Stone Soup version 0.28.0-45-g0d030f2227 (webtiles) character file.

Game seed: 1580343345807712762

102267 theElss the Peltast (level 16, 0/105 HPs)
             Began as a Gargoyle Berserker on Apr 2, 2022.
             Was a High Priest of Trog.
             Slain by a gnoll
             ... wielding a +0 halberd
             ... summoned by an orange crystal statue
              (7 damage)
             ... on level 8 of the Dungeon.
             The game lasted 01:14:33 (31554 turns).

theElss the Peltast (Gargoyle Berserker)           Turns: 31554, Time: 01:14:34

Health: 0/105      AC: 32    Str: 25    XL:     16   Next: 32%
Magic:  0/16       EV: 16    Int: -10 (13)God:    Trog [*****.]
Gold:   1578       SH:  0    Dex: 23    Spells: 15/15 levels left

rFire   + + +      SeeInvis .   P - +9 flail of Moral Flaws {flame, Int+3}
rCold   . . .      Faith    +   V - +0 kite shield
rNeg    + + .      Spirit   .   Q - +0 fire dragon scales
rPois   ∞          Reflect  .   k - +1 helmet
rElec   +          Harm     .   x - +0 cloak
rCorr   +          Rampage  .   v - +0 pair of gloves of Yesterday {rN+ Dex+6}
Will    +....                   I - +0 pair of boots
Stlth   ..........              C - amulet of faith
HPRegen 0.27/turn               i - ring of resist corrosion
MPRegen 0.15/turn               l - +6 ring of dexterity

@: confused, resistant, flying, slowed, lost intelligence, invisible, unable to
read, very slow
A: sickness immunity, AC +12, big wings, negative energy resistance 1,
electricity resistance, torment resistance 1, petrification resistance
a: Renounce Religion, Berserk, Trog's Hand, Brothers in Arms


You were on level 8 of the Dungeon.
You worshipped Trog.
Trog was extremely pleased with you.
You visited 3 branches of the dungeon, and saw 23 of its levels.
You also visited: Ossuary.

You collected 2537 gold pieces.
You spent 959 gold pieces at shops.

Inventory:

Hand Weapons
 P - the +9 flail of Moral Flaws (weapon) {flame, Int+3}
   (You found it on level 5 of the Lair of Beasts)

   It burns those it strikes, dealing additional fire damage.
   Int:       It affects your intelligence (+3).
Armour
 k - a +1 helmet (worn)
 v - the +0 pair of gloves of Yesterday (worn) {rN+ Dex+6}
   (You found it on level 5 of the Dungeon)

   Dex:       It affects your dexterity (+6).
   rN:        It protects you from negative energy.
 x - a +0 cloak (worn)
 I - a +0 pair of boots (worn)
 Q - +0 fire dragon scales (worn)
 V - a +0 kite shield (worn)
Jewellery
 i - a ring of resist corrosion (left hand)
 l - a +6 ring of dexterity (right hand)
 m - a ring of see invisible
 C - an amulet of faith (around neck)
 R - a ring of positive energy
 T - an amulet of reflection
 W - a ring of protection from fire
Wands
 e - a wand of flame (24)
 r - a wand of iceblast (28)
 s - a wand of polymorph (10)
 y - a wand of charming (33)
 A - a wand of digging (2)
 L - a wand of mindburst (27)
 M - a wand of paralysis (17)
 S - a wand of acid (2)
Scrolls
 c - 14 scrolls of teleportation
 d - a scroll of acquirement {unknown}
 j - 5 scrolls of blinking
 q - a scroll of brand weapon {unknown}
 D - 4 scrolls of fear
 E - a scroll of amnesia {unknown}
 G - 3 scrolls of magic mapping
 K - 4 scrolls of immolation
 U - 5 scrolls of fog
 X - 2 scrolls of silence {unknown}
 Y - 2 scrolls of holy word
Potions
 h - 11 potions of curing
 o - a potion of might
 t - 3 potions of lignification
 u - 5 potions of berserk rage
 w - 2 potions of resistance
 z - a potion of magic
 B - 2 potions of haste
 F - 3 potions of invisibility
 N - 2 potions of cancellation


   Skills:
 + Level 13.8 Fighting
 - Level 14.0 Maces & Flails
 + Level 13.7 Armour
 - Level 8.9 Dodging
 - Level 15.0 Shields
 - Level 8.0 Evocations


You had 15 spell levels left.
You didn't know any spells.
Your spell library was empty.

Dungeon Overview and Level Annotations

Branches:
Dungeon (15/15)            Temple (0/1) D:4            Lair (6/6) D:8
 Shoals (0/4) Lair:3       Spider (0/4) Lair:3        Slime (0/5) Lair:6
    Orc (2/2) D:12            Elf (0/3) Orc:2        Vaults (0/5) D:14
 Depths (0/4) D:15        Ossuary (visited)

Altars:
Ashenzari
Elyvilon
Gozag
Hepliaklqana
Makhleb
Okawaru
Uskayaw
Yredelemnul
The Shining One
Beogh
Lugonu

Shops:
D:6 *   D:9 (*=   D:10 =   D:14 *   Orc:2 :*?*

Portals:
Abyss: Lair:6

Annotations:
D:8 1 runed translucent door, exclusion: 3 orange crystal statues


Innate Abilities, Weirdness & Mutations

You are immune to sickness and miasma.
Your stone body is resilient. (AC +12)
You are immune to poison.
Your large and strong wings let you fly.
You resist negative energy. (rN+)
You are resistant to electric shocks. (rElec)
You are resistant to unholy torment.
You are immune to petrification.


Message History

Something feeds on your intellect! The gnoll sergeant barely misses you.
You feel protected.
Your two-headed ogre barely misses the gnoll.
Your two-headed ogre hits the gnoll with a +0 giant club!!
The gnoll dies!
The gnoll's corpse dissolves into shadows!
The gnoll barely misses you.
The water moccasin bites you but does no damage.
The gnoll hits you but does no damage.
Your two-headed ogre hits the water moccasin with a +0 giant club!!
Your two-headed ogre barely misses the water moccasin.
The kobold hits you but does no damage.
The orange crystal statue glitters.
You are more confused.
Your two-headed ogre appears confused.
The gnoll barely misses you. The gnoll sergeant barely misses you.
The gnoll closely misses you. The water moccasin bites you.
* * * LOW HITPOINT WARNING * * *
Unknown command.
You fade into invisibility!
Your two-headed ogre rages.
The gnoll completely misses you. The kobold misses you.
The gnoll hits you from afar with a +0 halberd.
* * * LOW HITPOINT WARNING * * *
The orange crystal statue fixes its piercing gaze on you.
You feel your power leaking away.
The water moccasin completely misses you.
The gnoll sergeant hits you but does no damage.
The kobold brigand throws a poisoned dart.
The poisoned dart hits the gnoll sergeant!
The gnoll sergeant is poisoned.
The gnoll misses you.
Your two-headed ogre closely misses the water moccasin.
Your two-headed ogre barely misses the water moccasin.
The gnoll misses you. The kobold closely misses you.
The orange crystal statue fixes its piercing gaze on you.
The orange crystal statue glitters.
You are more confused.
Your two-headed ogre resists with almost no effort.
The gnoll hits you from afar with a +0 halberd!
You die...

#....................###....##⌠≈.
####......####+####..'.......##≈≈
##.....#8.....8#..###....#§###
#..#..#.#...#.#.## #>#.##≈≈§≈
#.###.#.......#.# #.######## #.#
#.#...[o.)#.# #.# #.#
#.#...gK.o#.# #.# #.#
#.#/#KgK#S#.# #.# #.#
#.#8.ogg@O#.## #.# #.#
#.####g####..# #.#
#.###.....Z..D...# #.#
#................# #.#
#####.###.).....## #.#
#......#.#.#####.#
########)#.......# #)#########
#)#


You could see 3 orange crystal statues, a steam dragon (summoned), a water
moccasin (summoned, ally target), a kobold brigand (summoned), a gnoll sergeant
(summoned, very poisoned), an orc priest (summoned), 4 gnolls, 2 orcs, 2 kobolds
and a friendly two-headed ogre (summoned, berserk, confused).

Vanquished Creatures
  An azure jelly (shapeshifter) (D:15)
  An orc warlord (Orc:2)
  2 very ugly things (D:15)
  Nessos (D:14)
  The ghost of gon the Stormcaller, a journeyman DEAE of Vehumet (Lair:3)
  A fire dragon (D:10)
  Fannar (D:10)
  2 rakshasas (D:15)
  6 hydras
  7 boulder beetles
  A death knight (D:14)
  5 centaur warriors
  12 two-headed ogres
  3 death yaks (D:8)
  A tengu warrior (D:14)
  4 orc high priests (Orc:2)
  2 thrashing horrors (Lair:6)
  Urug (Orc:2)
  Sonja (Lair:4)
  A glowing orange brain (D:15)
  2 lindwurms
  6 orc knights
  An orange crystal statue (D:8)
  2 deep elf pyromancers
  3 manticores
  2 oklob plants
  4 orc sorcerers
  9 ugly things
  Maurice (Orc:2)
  4 elephants (Lair:6)
  8 cyclopes
  2 black mambas
  A gargoyle (D:12)
  2 smoke demons (Lair:6)
  13 cane toads
  2 unseen horrors
  2 rime drakes (Lair:4)
  13 komodo dragons
  2 kobold demonologists
  A tengu conjurer (D:14)
  A yaktaur (shapeshifter) (Lair:6)
  2 freezing wraiths
  A merfolk (Lair:3)
  6 trolls
  An ancient zyme (Lair:6)
  A hornet (D:5)
  A tarantella (D:14)
  17 blink frogs
  5 polar bears
  A meliai zombie (D:11)
  12 slime creatures
  A jumping spider (D:14)
  5 dream sheep (Lair:6)
  A centaur simulacrum (D:12)
  3 large abominations (Lair:6)
  A vampire (D:14)
  A ynoxinul (Lair:6)
  4 wraiths
  3 shadows
  7 wyverns
  Eustachio (D:6)
  31 yaks
  16 humans (D:14)
  3 redbacks
  12 vampire mosquitoes
  8 basilisks
  3 chaos spawn (Lair:6)
  Menkaure (D:4)
  3 wargs
  An acid dragon (D:11)
  Edmund (D:6)
  11 water moccasins
  Duvessa (D:4)
  43 orc warriors
  An ice beast (D:12)
  9 ogres
  3 necrophages
  32 wolves
  10 centaurs
  2 phantoms (D:6)
  4 kobold brigands
  9 bullfrogs
  2 elf zombies (Ossuary)
  A gnoll sergeant (D:8)
  A wyvern zombie (D:8)
  A water moccasin skeleton (D:5)
  Dowan (D:4)
  11 killer bees
  11 small abominations (Lair:6)
  13 wights
  4 howler monkeys
  8 electric eels
  6 centaur zombies
  A bullfrog zombie (D:6)
  2 hounds (D:7)
  4 human zombies (Ossuary)
  4 jellies
  28 orc priests
  A bullfrog skeleton (D:6)
  A centaur skeleton (D:7)
  Ijyb (D:4)
  An iguana (D:6)
  19 orc wizards
  7 hell rats
  A killer bee zombie (D:7)
  3 mummies
  2 howler monkey zombies
  4 gnolls (D:8)
  3 river rats (Lair:6)
  7 adders
  A shadow imp (D:8)
  3 white imps
  An ufetubus (D:11)
  An adder zombie (Ossuary)
  An adder skeleton (D:2)
  A worm (D:2)
  2 dart slugs
  97 orcs
  25 endoplasms
  3 giant cockroaches
  10 hobgoblins
  5 jackals (D:1)
  18 kobolds
  5 quokkas
  5 ball pythons
  5 bats
  2 frilled lizards
  9 goblins
  2 goblin zombies
  7 hobgoblin zombies (Ossuary)
  2 jackal zombies (Ossuary)
  10 kobold zombies
  10 orc zombies (Ossuary)
  23 rats
  A rat zombie (Ossuary)
810 creatures vanquished.

Vanquished Creatures (collateral kills)
  Saint Roka (Orc:2)
  2 orc warriors (Orc:2)
  An orc wizard (Orc:2)
  An orc (Orc:2)
5 creatures vanquished.

Vanquished Creatures (others)
  A freezing wraith (D:15)
  2 orc warriors
  2 orcs (Orc:2)
  25 fungi
  52 plants
82 creatures vanquished.

Grand Total: 897 creatures vanquished

Notes
Turn   | Place    | Note
-------+----------+-------------------------------------------
     0 | D:1      | theElss the Gargoyle Berserker began the quest for the Orb.
     0 | D:1      | Reached XP level 1. HP: 14/14 MP: 1/1
   290 | D:1      | Reached XP level 2. HP: 15/19 MP: 2/2
   443 | D:1      | Found a faded altar of an unknown god.
  1216 | D:2      | Reached ** piety under Trog
  1217 | D:2      | Reached XP level 3. HP: 23/23 MP: 3/3
  2499 | D:3      | Found a white marble altar of Elyvilon.
  2502 | D:3      | Reached XP level 4. HP: 20/29 MP: 4/4
  2981 | D:3      | Reached XP level 5. HP: 17/33 MP: 5/5
  2982 | D:3      | Reached *** piety under Trog
  3629 | D:4      | Noticed a necrophage
  3635 | D:4      | Killed a necrophage
  3636 | D:4      | Reached XP level 6. HP: 39/39 MP: 6/6
  3885 | D:4      | Noticed Menkaure
  3893 | D:4      | Killed Menkaure
  3991 | D:4      | Noticed Duvessa
  3992 | D:4      | Found a glowing golden altar of the Shining One.
  3992 | D:4      | Noticed Dowan
  4000 | D:4      | Killed Duvessa
  4001 | D:4      | Reached skill level 5 in Fighting
  4001 | D:4      | Reached XP level 7. HP: 44/44 MP: 7/7
  4002 | D:4      | Killed Dowan
  4069 | D:4      | Found a broken altar of Ashenzari.
  4072 | D:4      | Found a hide-covered altar of Uskayaw.
  4073 | D:4      | Found a basalt altar of Yredelemnul.
  4112 | D:4      | Found a staircase to the Ecumenical Temple.
  4115 | D:4      | Noticed Ijyb
  4129 | D:4      | Killed Ijyb
  4816 | D:5      | Entered Level 5 of the Dungeon
  4826 | D:5      | Reached skill level 5 in Maces & Flails
  5056 | D:5      | Identified the +0 pair of gloves of Yesterday {rN+ Dex+6}
  5160 | D:5      | Found a sand-covered staircase.
  5166 | D:5      | Reached skill level 5 in Armour
  5168 | Ossuary  | Entered an ossuary
  5393 | Ossuary  | Reached **** piety under Trog
  5513 | Ossuary  | Reached XP level 8. HP: 40/51 MP: 8/8
  6011 | D:5      | Noticed a hornet
  6017 | D:5      | Killed a hornet
  6181 | D:5      | Found an iron altar of Okawaru.
  6351 | D:6      | Noticed Eustachio
  6546 | D:6      | Killed Eustachio
  6551 | D:6      | Reached XP level 9. HP: 56/56 MP: 9/9
  6677 | D:6      | Reached skill level 5 in Dodging
  6852 | D:6      | Found Numaicu's Elemental Accessories.
  6873 | D:6      | Found a hazy altar of Hepliaklqana.
  7442 | D:6      | Noticed Edmund
  7451 | D:6      | Killed Edmund
  8138 | D:7      | Noticed a troll
  8154 | D:7      | Killed a troll
  8312 | D:7      | Reached XP level 10. HP: 64/64 MP: 10/10
  8579 | D:8      | Found a burning altar of Makhleb.
  8604 | D:8      | Found a staircase to the Lair.
  8604 | D:8      | Noticed a death yak
  8604 | D:8      | Noticed a death yak
  8605 | D:8      | Noticed a death yak
  8623 | D:8      | Killed a death yak
  8627 | D:8      | Killed a death yak
  8638 | D:8      | Killed a death yak
  9390 | D:8      | Found a runed translucent door.
  9391 | D:8      | Noticed an orange crystal statue
  9394 | D:8      | Found the +10 tower shield of Ignorance {rN+ Int-4}
  9468 | D:8      | Found a runed translucent door.
  9698 | D:9      | Found Tonunung's Antique Weapon Emporium.
 10245 | D:9      | Found Cice's General Store.
 10253 | D:9      | Bought a potion of curing for 45 gold pieces
 10253 | D:9      | Bought a potion of heal wounds for 75 gold pieces
 10277 | D:9      | Found Fuwnaid's Jewellery Shoppe.
 10475 | D:9      | Reached XP level 11. HP: 68/71 MP: 11/11
 10526 | D:9      | Reached ***** piety under Trog
 10658 | D:9      | Noticed a two-headed ogre
 10663 | D:9      | Killed a two-headed ogre
 10925 | D:10     | Entered Level 10 of the Dungeon
 10991 | D:10     | Noticed a two-headed ogre
 10998 | D:10     | Killed a two-headed ogre
 11044 | D:10     | Noticed a fire dragon
 11058 | D:10     | Killed a fire dragon
 11059 | D:10     | Reached skill level 10 in Fighting
 11582 | D:10     | Noticed an orc knight
 11590 | D:10     | Reached skill level 10 in Armour
 11594 | D:10     | Killed an orc knight
 11772 | D:10     | Noticed a boulder beetle
 11788 | D:10     | Killed a boulder beetle
 12103 | D:10     | Noticed Fannar
 12117 | D:10     | Killed Fannar
 12291 | D:10     | Noticed a two-headed ogre
 12297 | D:10     | Killed a two-headed ogre
 12298 | D:10     | Reached skill level 10 in Maces & Flails
 12335 | D:10     | Found an opulent altar of Gozag.
 12412 | D:10     | Noticed a six-headed hydra
 12419 | D:10     | Killed a six-headed hydra
 12419 | D:10     | Noticed a green ugly thing
 12420 | D:10     | Reached XP level 12. HP: 79/79 MP: 12/12
 12423 | D:10     | Noticed a centaur warrior
 12432 | D:10     | Killed a centaur warrior
 12590 | D:10     | Found Kizasoho's Jewellery Shoppe.
 13645 | D:11     | Noticed a two-headed ogre
 13649 | D:11     | Killed a two-headed ogre
 13923 | Lair:1   | Entered Level 1 of the Lair of Beasts
 13940 | Lair:1   | Reached skill level 1 in Shields
 13977 | Lair:1   | Reached skill level 2 in Shields
 14193 | Lair:1   | Reached skill level 3 in Shields
 14468 | Lair:1   | Reached skill level 4 in Shields
 14560 | Lair:1   | Reached skill level 5 in Shields
 15085 | Lair:1   | Reached skill level 6 in Shields
 15116 | Lair:1   | Reached XP level 13. HP: 85/85 MP: 13/13
 15148 | Lair:1   | Received a gift from Trog
 15487 | Lair:2   | Found a burning altar of Makhleb.
 15539 | Lair:2   | Reached skill level 7 in Shields
 16130 | Lair:2   | Reached skill level 8 in Shields
 16619 | Lair:3   | Found a runed translucent door.
 16623 | Lair:3   | Noticed gon's ghost (journeyman DEAE)
 16658 | Lair:3   | Reached skill level 9 in Shields
 17001 | Lair:3   | Found a hole to the Spider Nest.
 17125 | Lair:3   | Found a staircase to the Shoals.
 17616 | Lair:3   | Killed gon's ghost
 17683 | Lair:4   | Reached skill level 10 in Shields
 18117 | Lair:4   | Reached skill level 11 in Shields
 18566 | Lair:4   | Noticed Sonja
 18584 | Lair:4   | Killed Sonja
 19081 | Lair:4   | Reached skill level 12 in Shields
 19594 | Lair:5   | Received a gift from Trog
 19847 | Lair:5   | Identified the +9 flail of Moral Flaws {flame, Int+3}
 19937 | Lair:5   | Reached skill level 13 in Shields
 20125 | Lair:6   | Entered Level 6 of the Lair of Beasts
 20161 | Lair:6   | Gained mutation: Your large and strong wings let you fly.
                  | [Gargoyle growth]
 20161 | Lair:6   | Reached XP level 14. HP: 90/91 MP: 14/14
 20172 | Lair:6   | Found a staircase to the Slime Pits.
 20504 | Lair:6   | Reached skill level 14 in Shields
 21248 | Lair:6   | Reached skill level 15 in Shields
 21430 | Lair:6   | Reached skill level 1 in Evocations
 21755 | Lair:6   | Received a gift from Trog
 22077 | Lair:6   | Reached ****** piety under Trog
 22114 | Lair:6   | Found a corrupted altar of Lugonu.
 22114 | Lair:6   | Found a one-way gate to the infinite horrors of the Abyss.
 22121 | Lair:6   | Reached skill level 5 in Evocations
 22602 | D:12     | Found a staircase to the Orcish Mines.
 23795 | D:13     | You are sucked into a shaft and drop 2 floors!
 23795 | D:15     | Entered Level 15 of the Dungeon
 23916 | D:14     | Received a gift from Trog
 23921 | D:14     | Reached XP level 15. HP: 93/96 MP: 15/15
 24084 | D:14     | Found Sudwunor's Assorted Antiques.
 24861 | D:14     | Found a gate to the Vaults.
 25035 | D:14     | Noticed Nessos
 25073 | D:14     | Killed Nessos
 26413 | D:15     | Found a staircase to the Depths.
 26913 | D:15     | Noticed an azure jelly
 26913 | D:15     | an iron troll changed into an azure jelly
 26922 | D:15     | Killed an azure jelly
 27038 | Orc:1    | Entered Level 1 of the Orcish Mines
 27054 | Orc:1    | Paralysed by an orc sorcerer for 5 turns
 27398 | Orc:2    | Entered Level 2 of the Orcish Mines
 27398 | Orc:2    | Noticed Urug
 27406 | Orc:2    | Paralysed by Urug for 4 turns
 27411 | Orc:2    | HP: 1/96 [ogre/+0 giant club (10)]
 27730 | Orc:2    | Killed Urug
 28328 | Orc:2    | Found Daisuh's Book Boutique.
 28353 | Orc:2    | Found Loaneri's General Store.
 28364 | Orc:2    | Received a gift from Trog
 28374 | Orc:2    | Bought 3 scrolls of fog for 108 gold pieces
 28374 | Orc:2    | Bought a scroll of holy word for 135 gold pieces
 28374 | Orc:2    | Bought a potion of cancellation for 144 gold pieces
 28374 | Orc:2    | Bought a scroll of fear for 63 gold pieces
 28689 | Orc:2    | Noticed Maurice
 28699 | Orc:2    | Killed Maurice
 28720 | Orc:2    | Reached XP level 16. HP: 95/103 MP: 16/16
 29383 | Orc:2    | Received a gift from Trog
 29446 | Orc:2    | Found a staircase to the Elven Halls.
 29805 | Orc:2    | Noticed Saint Roka
 29846 | Orc:2    | Killed Saint Roka
 30209 | Orc:2    | Found Keawiteu's Magic Scroll Shop.
 31004 | Orc:2    | Received a gift from Trog
 31026 | Orc:2    | Bought a scroll of identify for 30 gold pieces
 31026 | Orc:2    | Bought 2 scrolls of identify for 60 gold pieces
 31026 | Orc:2    | Bought a scroll of identify for 30 gold pieces
 31026 | Orc:2    | Bought a scroll of identify for 30 gold pieces
 31026 | Orc:2    | Bought a scroll of magic mapping for 52 gold pieces
 31061 | Orc:2    | Found Xaomotza's Assorted Antiques.
 31071 | Orc:2    | Bought a scroll of blinking for 187 gold pieces
 31489 | D:8      | Lost intelligence.
 31554 | D:8      | Slain by a gnoll

Illustrated notes

Levels and vault maps discovered:
D:1:      minmay_arrival_cross, layout_rooms,
          shapermc_ecumenical_altar_hornbeckon
D:2:      layout_loops_corners, minmay_pentomino_q4
D:3:      layout_rooms, elyvilon_altar_3, hex_intersection, minmay_unequal
D:4:      layout_loops_corners, minitemple, temple_fountains, serial_bayou,
          serial_bayou_shore_b, serial_bayou_pond_d, serial_bayou_pond_b,
          serial_bayou_crossing, uniq_ijyb, uniq_duvessa, uniq_menkaure
D:5:      layout_gridville, okawaru_altar_gauntlet_db,
          nicolae_ossuary_entry_giza, minmay_misc_feat_iff
D:6:      wad_lake_hut, layout_basic, lemuel_doored_altar,
          nicolae_elemental_shop, minivault_24, st_stairs_2, uniq_edmund,
          uniq_eustachio
D:7:      layout_rooms
D:8:      layout_loops_corners, lightli_temple_of_fire, dpeg_lair_monsters,
          chequers_guarded_unrand_ignorance
D:9:      layout_irregular_city, serial_shops, nicolae_shop_advertising_works
          [nicolae_subvault_shop_adworks], nicolae_stop_n_shop_1,
          nicolae_stop_n_shop_2
D:10:     minmay_the_grid_net [minmay_the_grid_large_cup,
          minmay_the_grid_spin_star, minmay_the_grid_dragon_b,
          minmay_the_grid_armoury, minmay_the_grid_minigrid_large,
          minmay_the_grid_prize_inner_circle], layout_loops_corners,
          grunt_gozag_breadcrumbs, serial_shops, shop_statue, minivault_20,
          uniq_fannar
D:11:     layout_roguey
D:12:     layout_rooms, orc_0_dummy, serial_ice, serial_ice_n, serial_ice_h,
          serial_ice_m, serial_ice_f
D:13:     layout_rooms
D:14:     layout_roguey, david_vaults_3, minivault_24, serial_shops, shop,
          uniq_nessos
D:15:     gammafunk_enter_depths_forms, layout_cross, serial_rivers,
          chequers_serial_rivers_micro_d, chequers_serial_rivers_micro_d,
          chequers_serial_rivers_micro_e, chequers_serial_rivers_micro_a,
          chequers_serial_rivers_micro_d, chequers_serial_rivers_small_a,
          hangedman_decor_riveting, minivault_25
Lair:1:   lemuel_slime, layout_cave_pods, grunt_megastairs_5,
          lemuel_fruit_fields
Lair:2:   hellmonk_ruined_rings, layout_concentric_octagons, lemuel_oklob_altar
Lair:3:   wander_river, layout_misc_corridors, elwin_shoals_entry_rooms,
          spider_nest_entry_webs, nicolae_volcano_entry_lava_flow,
          hellmonk_ghost_happy_afterlife
Lair:4:   layout_roguey, grunt_megastairs_3, uniq_sonja
Lair:5:   layout_big_grid, st_stairs_12, serial_bayou_shore_a
Lair:6:   hellmonk_lair_end_abyssal_woods, layout_misc_corridors, slime_dummy,
          kennysheep_abandoned_house, infiniplex_staircase_pool
Orc:1:    layout_caves
Orc:2:    pubby_orc_utopia, uniq_saint_roka, uniq_urug, uniq_maurice

Skill      XL: |  1  2  3  4  5  6  7  8  9 10 11 12 13 14 15 16 |
---------------+-------------------------------------------------+-----
Dodging        | 2 3 4 5 7 8 |  8.9
Armour         | 3 4 5 6 7 9 10 11 12 13 | 13.7
Fighting       | 4 5 6 8 9 10 11 12 13 | 13.8
Maces & Flails | 4 5 6 7 8 10 11 14 | 14.0
Shields        | 6 13 15 | 15.0
Evocations     | 8 |  8.0

Action                   |  1- 3 |  4- 6 |  7- 9 | 10-12 | 13-15 | 16-18 || total
-------------------------+-------+-------+-------+-------+-------+-------++-------
Melee: Mace              |   139 |    76 |       |       |       |       ||   215
       Punch             |     1 |     1 |     2 |       |       |       ||     4
       Flail             |       |    23 |   431 |   115 |  1666 |   362 ||  2597
       Dire flail        |       |       |    52 |   434 |       |       ||   486
Invok: Berserk           |     3 |     5 |     8 |    14 |    15 |     5 ||    50
       Trog's Hand       |       |       |     2 |     1 |     1 |     4 ||     8
       Brothers in Arms  |       |       |       |       |       |     3 ||     3
  Use: Scroll            |       |       |       |     7 |     8 |     5 ||    20
       Potion            |       |       |       |       |     1 |     6 ||     7
 Stab: Distracted        |       |       |     1 |       |       |       ||     1
Armor: Skin              |    28 |       |       |       |       |       ||    28
       Ring mail         |     2 |    47 |   240 |    69 |       |       ||   358
       Fire dragon scale |       |       |       |   162 |   609 |   144 ||   915
Dodge: Dodged            |    92 |    77 |   432 |   348 |   808 |   241 ||  1998
Block: Kite shield       |       |       |       |    60 |  1332 |   249 ||  1641
